 Dungeon Crawl Stone Soup version 0.29.0-4-gdea44cf6ec (webtiles) character file.

Game seed: 9169419631647244667

80 qw the Chopper (level 4, 0/26 HPs)
             Began as a Tengu Warper on Aug 28, 2022.
             Slain by Sigmund
             ... wielding a +4 scythe of freezing
              (1 damage)
             ... on level 2 of the Dungeon.
             The game lasted 00:00:12 (1818 turns).

qw the Chopper (Tengu Warper)                       Turns: 1818, Time: 00:00:13

Health: 0/26       AC:  8    Str: 14    XL:     4   Next: 39%
Magic:  8/8        EV:  6    Int: 13    God:
Gold:   74         SH:  0    Dex: 13    Spells: 7/7 levels left

rFire   . . .      SeeInvis .   Y - +0 hand axe
rCold   . . .      Faith    .   (no shield)
rNeg    . . .      Spirit   .   m - +0 chain mail
rPois   .          Reflect  .   (helmet restricted)
rElec   .          Harm     .   (no cloak)
rCorr   .          Rampage  .   (no gloves)
Will    .....                   (boots unavailable)
Stlth   ..........              (no amulet)
HPRegen 0.08/turn               (no ring)
MPRegen 0.11/turn               (no ring)

@: no status effects
A: beak, talons 3
a: no special abilities


You were on level 2 of the Dungeon.
You visited 1 branch of the dungeon, and saw 2 of its levels.

You collected 74 gold pieces.


Innate Abilities, Weirdness & Mutations

You have a beak for a mouth.
You have claws for feet.


   Skills:
 - Level 2.0 Fighting
 + Level 5.0 Axes
 - Level 1.0 Throwing
 - Level 1.1 Armour
 - Level 2.1 Dodging
 - Level 2.0 Spellcasting
 - Level 2.4 Translocations


You had 7 spell levels left.
You didn't know any spells.
Your spell library contained the following spells:

 Spells                   Type           Power      Damage    Failure   Level
 Blink                    Tloc           14%        N/A       99%         2
 Gell's Gravitas          Tloc           7%         N/A       100%        3
 Lesser Beckoning         Tloc           7%         N/A       100%        3
 Teleport Other           Tloc           7%         N/A       100%        3
 Manifold Assault         Tloc           7%         N/A       100%        5

Inventory:

Hand Weapons
 j - a +0 flail
 Y - a +0 hand axe (weapon)
Armour
 m - a +0 chain mail (worn)
Jewellery
 e - a ring of willpower
Scrolls
 a - a scroll of identify
 b - a scroll of noise {unknown}
Potions
 c - a potion of mutation {unknown}
 d - a potion of berserk rage {unknown}
 h - a potion of curing {unknown}
 k - a potion of flight {unknown}

Dungeon Overview and Level Annotations

Branches:
Dungeon (2/15)

Altars:

Annotations:
D:2 Sigmund


Message History

The kobold shouts!
You hear a shout!
Sigmund the Dreaded comes into view.
He is wielding a +4 scythe of freezing and wearing a +1 robe of willpower.
Jessica hits you but does no damage.
You hit Jessica. You peck Jessica, but do no damage.
Jessica is moderately wounded.
Jessica hits you but does no damage.
You hit Jessica. You claw Jessica.
You kill Jessica!
You have reached level 4!
You feel stronger.
You closely miss the kobold. The kobold hits you but does no damage.
Sigmund points at you and mumbles some strange words.
The puff of flame hits you but does no damage.
You barely miss the kobold.
The kobold hits you with a +0 short sword.
You slash the worm! You claw the worm!
The worm is almost dead.
You barely miss the kobold. The kobold hits you but does no damage.
Sigmund mumbles some strange words.
Sigmund flickers and vanishes!
Deactivating autopickup; reactivate with Ctrl-A.
The worm bites you!
You hit the worm but do no damage. You claw the worm.
You kill the worm!
You hit the kobold.
The kobold hits you with a +0 short sword.
Your Axes skill increases to level 5!
You miss the kobold.
The kobold is moderately wounded.
The kobold barely misses you. Something hits you. Something freezes you.
You hit the kobold but do no damage.
The kobold is moderately wounded.
The kobold hits you with a +0 short sword.
Something hits you but does no damage.
You hit the kobold but do no damage. You claw the kobold.
You kill the kobold!
You swing at nothing.
Something hits you. Something freezes you.
You die...

..##...%.............
........####.........
....................
.........#..........
.....>.......#.....
............######
..............####
..####...........# ##
#....@)......
.....$>.)......
#.........{.....
####............
#............
#............
#..........#.
...........#


There were no monsters in sight!

Vanquished Creatures
  Jessica (D:2)
  An adder (D:2)
  A worm (D:2)
  2 dart slugs (D:1)
  6 endoplasms
  2 giant cockroaches (D:1)
  2 goblins
  4 hobgoblins
  2 quokkas (D:1)
  2 ball pythons (D:1)
  2 bats
  2 frilled lizards (D:1)
  7 kobolds
  3 rats
37 creatures vanquished.

Notes
Turn   | Place    | Note
-------+----------+-------------------------------------------
     0 | D:1      | qw the Tengu Warper began the quest for the Orb.
     0 | D:1      | Reached XP level 1. HP: 12/12 MP: 4/4
     0 | D:1      | 0 ||| qw: Version: 0.1-a-89-g26bdef1
     0 | D:1      | 0 ||| qw: Game counter: 2695
     0 | D:1      | 0 ||| qw: Always use a shield: true
     0 | D:1      | 0 ||| qw: God list: Okawaru
     0 | D:1      | 0 ||| qw: Allow faded altars: false
     0 | D:1      | 0 ||| qw: Do Orc after D:15 true
     0 | D:1      | 0 ||| qw: Do second Lair branch before Depths: true
     0 | D:1      | 0 ||| qw: Lair rune preference: random
     0 | D:1      | 0 ||| qw: Plans: Normal
     0 | D:1      | 0 ||| PLANNING D:1-11
    76 | D:1      | 76 ||| Stepping ~*~*~tactically~*~*~ (stealth).
    90 | D:1      | Reached skill level 3 in Axes
    90 | D:1      | Reached XP level 2. HP: 13/17 MP: 6/6
   179 | D:1      | 179 ||| DROPPING +0 club.
   285 | D:1      | 285 ||| Stepping ~*~*~tactically~*~*~ (hiding).
   387 | D:1      | 387 ||| Stepping ~*~*~tactically~*~*~ (hiding).
   489 | D:1      | 489 ||| Stepping ~*~*~tactically~*~*~ (hiding).
   491 | D:1      | 491 ||| Stepping ~*~*~tactically~*~*~ (hiding).
   642 | D:1      | Found a faded altar of an unknown god.
   710 | D:1      | 710 ||| Stepping ~*~*~tactically~*~*~ (stealth).
   862 | D:1      | 862 ||| Stepping ~*~*~tactically~*~*~ (stealth).
   865 | D:1      | Reached XP level 3. HP: 21/21 MP: 7/7
   985 | D:1      | 985 ||| Stepping ~*~*~tactically~*~*~ (hiding).
   992 | D:1      | Reached skill level 4 in Axes
  1164 | D:1      | 1164 ||| UPGRADING to +0 ring mail.
  1174 | D:1      | 1174 ||| DROPPING +0 leather armour.
  1175 | D:1      | 1175 ||| UPGRADING to +0 scale mail.
  1185 | D:1      | 1185 ||| DROPPING +0 ring mail.
  1186 | D:1      | 1186 ||| UPGRADING to +0 chain mail.
  1196 | D:1      | 1196 ||| DROPPING +0 scale mail.
  1197 | D:1      | 1197 ||| READING 2 scrolls labelled PUOSI DAAZAE.
  1198 | D:1      | 1198 ||| READING 3 scrolls labelled YMIMYSE QAFFOV.
  1199 | D:1      | 1199 ||| READING scroll labelled CAKHOP JEFISESU.
  1200 | D:1      | 1200 ||| DROPPING scroll of blinking.
  1201 | D:1      | 1201 ||| DROPPING 2 scrolls of poison.
  1202 | D:1      | 1202 ||| Stepping randomly (stuck).
  1203 | D:1      | 1203 ||| Stepping ~*~*~tactically~*~*~ (cloud).
  1445 | D:2      | 1445 ||| STAIRDANCE
  1552 | D:2      | 1552 ||| STAIRDANCE
  1673 | D:2      | 1673 ||| Stepping ~*~*~tactically~*~*~ (stealth).
  1805 | D:2      | Noticed Jessica
  1807 | D:2      | Noticed Sigmund
  1810 | D:2      | Killed Jessica
  1811 | D:2      | Reached XP level 4. HP: 26/26 MP: 8/8
  1815 | D:2      | Reached skill level 5 in Axes
  1815 | D:2      | HP: 5/26 [something (2)]
  1818 | D:2      | HP: 1/26 [something (3)]
  1818 | D:2      | Slain by Sigmund

Levels and vault maps discovered:
D:1:      nzn_arrival_depleted_hourglass, layout_rooms,
          hellmonk_ecumenical_altar_defaced_shrine, serial_glass,
          glass_columns_a, glass_columns_a, due_unseen_surprise
D:2:      layout_rooms, uniq_sigmund, uniq_jessica

Skill      XL: |  1  2  3  4 |
---------------+-------------+-----
Axes           | 3 4 5 |  5.0
Fighting       | |  2.0
Throwing       | |  1.0
Armour         | |  1.1
Dodging        | |  2.1
Spellcasting   | |  2.0
Translocations | |  2.4

Action                   |  1- 3 |  4- 6 || total
-------------------------+-------+-------++-------
Melee: Hand axe          |    80 |     7 ||    87
       Peck              |     9 |       ||     9
       Kick              |    22 |     3 ||    25
       Punch             |     1 |       ||     1
Throw: Boomerang         |     7 |       ||     7
  Use: Scroll            |     3 |       ||     3
Armor: Leather armour    |     9 |       ||     9
       Chain mail        |    16 |     4 ||    20
Dodge: Dodged            |    38 |     1 ||    39

Table legend:
 A = Non-vault XP
 B = Vault XP
 C = Vault XP percentage of total XP
 D = Non-vault monster count
 E = Vault monster count
 F = Vault count percentage of total count
                 A         B        C        D         E       F
            +---------+---------+-------+---------+---------+-------
      Total |      72 |      43 |  37.4 |      34 |       3 |   8.1
            +---------+---------+-------+---------+---------+-------
        D:1 |      43 |       6 |  12.2 |      25 |       2 |   7.4
        D:2 |      29 |      37 |  56.1 |       9 |       1 |  10.0
            +---------+---------+-------+---------+---------+-------
